 Dungeon Crawl Stone Soup version 0.30-a0-847-g17996783a1 (webtiles) character file.

Game seed: 7507219984901342423

24 Darkkill the Shooter (level 2, 0/25 HPs)
             Began as a Minotaur Hunter on Mar 3, 2023.
             Slain by a gnoll
             ... wielding a +0 spear
              (5 damage)
             ... on level 1 of the Dungeon.
             The game lasted 00:00:19 (521 turns).

Darkkill the Shooter (Minotaur Hunter)               Turns: 521, Time: 00:00:20

Health: 0/25       AC:  3    Str: 15    XL:     2   Next: 79%
Magic:  1/1        EV: 12    Int:  6    God:
Gold:   35         SH:  0    Dex: 13    Spells: 1/1 levels left

rFire   . . .      SeeInvis .    a - +0 shortbow
rCold   . . .      Faith    .    (shield currently unavailable)
rNeg    . . .      Spirit   .    c - +0 leather armour
rPois   .          Reflect  .    (helmet restricted)
rElec   .          Rampage  .    (no cloak)
rCorr   .                        (no gloves)
Will    .....                    (no boots)
Stlth   +                        (no amulet)
HPRegen 0.24/turn                (no ring)
MPRegen 0.07/turn                (no ring)

@: no status effects
A: horns 2, retaliatory headbutt
a: no special abilities


You were on level 1 of the Dungeon.
You visited 1 branch of the dungeon, and saw 1 of its levels.

You collected 35 gold pieces.

Inventory:

Hand Weapons
 a - a +0 shortbow (weapon)
Missiles
 f - 3 poisoned darts
Armour
 c - a +0 leather armour (worn)
Scrolls
 b - a scroll of immolation
 g - a scroll of identify {unknown}
Potions
 d - a potion of mutation {unknown}
 e - a potion of curing {unknown}


   Skills:
 + Level 2.9 Fighting
 + Level 4.6 Ranged Weapons
 + Level 2.6 Dodging
 + Level 1.3 Stealth


You had one spell level left.
You didn't know any spells.
Your spell library was empty.

Dungeon Overview and Level Annotations

Branches:
Dungeon (1/15)

Altars:


Innate Abilities, Weirdness & Mutations

You have a pair of horns on your head.
You reflexively headbutt those who attack you in melee.


Message History

You shoot an arrow.
The arrow hits the rat but does no damage.
A rat is nearby!
You shoot an arrow. The arrow barely misses the rat.
A rat is nearby!
You shoot an arrow. The arrow hits the rat.
You kill the rat!
Found a hand axe.
No target in view!
There is a stone staircase leading down here.
As you open the door, it creaks loudly!
No target in view!
There is an open door here.
You open the door.
There is an open door here.
Found a club.
No target in view!
You see here a +0 club.
A rat comes into view.
You shoot an arrow. The arrow hits the rat.
You kill the rat!
Found a short sword.
No target in view!
A ball python comes into view.
You shoot an arrow. The arrow hits the ball python.
You kill the ball python!
You see here a +0 short sword.
A rat comes into view.
Found an escape hatch in the floor.
You shoot an arrow. The arrow hits the rat.
The rat is moderately wounded.
A rat is nearby!
You shoot an arrow. The arrow hits the rat.
You kill the rat!
There is an escape hatch in the floor here.
As you open the door, it creaks loudly!
You hear a shout!
An endoplasm comes into view.
You shoot an arrow. The arrow barely misses the endoplasm.
A gnoll comes into view. It is wielding a +0 spear.
You shoot an arrow. The arrow hits the gnoll.
The gnoll is lightly wounded.
The gnoll hits you from afar with a +0 spear.
The gnoll closely misses you.
There are monsters nearby!
You shoot an arrow. The arrow closely misses the gnoll.
The gnoll hits you but does no damage.
There are monsters nearby!
You shoot an arrow. The arrow barely misses the gnoll.
The gnoll hits you from afar with a +0 spear.
There are monsters nearby!
You are too injured to fight recklessly!
There are monsters nearby!
You are too injured to fight recklessly!
There are monsters nearby!
You are too injured to fight recklessly!
There are monsters nearby!
You are too injured to fight recklessly!
Fire: a) +0 shortbow
Press: ? - help, Q - select action, (/) - cycle Shift-Dir - straight line, f/p - gnoll
Aim: a gnoll, wielding a +0 spear (lightly wounded, 64% to hit)
You shoot an arrow.
The arrow hits the endoplasm but does no damage.
The endoplasm freezes you.
You are frozen.
The gnoll barely misses you. The endoplasm barely misses you.
You furiously retaliate!
You headbutt the endoplasm!
You kill the endoplasm!
The gnoll hits you from afar with a +0 spear.
Fire: a) +0 shortbow
Press: ? - help, Q - select action, (/) - cycle Shift-Dir - straight line, f/p - gnoll
Aim: a gnoll, wielding a +0 spear (lightly wounded, 64% to hit)
You shoot an arrow. The arrow hits the gnoll!
The gnoll is almost dead.
The gnoll barely misses you.
Fire: a) +0 shortbow
Press: ? - help, Q - select action, (/) - cycle Shift-Dir - straight line, f/p - gnoll
Aim: a gnoll, wielding a +0 spear (almost dead, 64% to hit)
You shoot an arrow.
The arrow hits the gnoll but does no damage.
The gnoll is almost dead.
The gnoll hits you from afar with a +0 spear.
Fire: a) +0 shortbow
Press: ? - help, Q - select action, (/) - cycle Shift-Dir - straight line, f/p - gnoll
Aim: a gnoll, wielding a +0 spear (almost dead, 64% to hit)
You shoot an arrow. The arrow barely misses the gnoll.
The gnoll hits you from afar with a +0 spear.
* * * LOW HITPOINT WARNING * * *
The gnoll closely misses you.
Fire: a) +0 shortbow
Press: ? - help, Q - select action, (/) - cycle Shift-Dir - straight line, f/p - gnoll
Aim: a gnoll, wielding a +0 spear (almost dead, 64% to hit)
You shoot an arrow. The arrow barely misses the gnoll.
The gnoll barely misses you.
Fire: a) +0 shortbow
Press: ? - help, Q - select action, (/) - cycle Shift-Dir - straight line, f/p - gnoll
Aim: a gnoll, wielding a +0 spear (almost dead, 64% to hit)
You shoot an arrow.
The arrow hits the gnoll but does no damage.
The gnoll is almost dead.
The gnoll hits you from afar with a +0 spear.
You die...

#..##.##.
#.........####......#.
+.........+...........
#......... #........
#....... #........
#..... #.##...#. #..g
#.###.##. ##'#####
#........
#.@....########.###
#........# #.#
#..###.#.# #.#
#....#.#†######.#
#...........)....#
##......#.########
#..#####.# ........>.#
###########


You could see a gnoll.

Vanquished Creatures
  2 dart slugs (D:1)
  A ball python (D:1)
  3 endoplasms (D:1)
  A giant cockroach (D:1)
  A goblin (D:1)
  3 jackals (D:1)
  A quokka (D:1)
  A frilled lizard (D:1)
  2 kobolds (D:1)
  3 rats (D:1)
18 creatures vanquished.

Notes
Turn   | Place    | Note
-------+----------+-------------------------------------------
     0 | D:1      | Darkkill the Minotaur Hunter began the quest for the Orb.
     0 | D:1      | Reached XP level 1. HP: 18/18 MP: 0/0
    24 | D:1      | Reached skill level 1 in Stealth
    83 | D:1      | Reached XP level 2. HP: 25/25 MP: 1/1
   519 | D:1      | HP: 5/25 [gnoll/+0 spear (3)]
   521 | D:1      | Slain by a gnoll

Illustrated notes

Levels and vault maps discovered:
D:1:      dpeg_arrival_ternary, layout_loops_corners, minmay_cupped

Skill      XL: |  1 |
---------------+----+-----
Stealth        | 1 |  1.3
Fighting       | |  2.9
Ranged Weapons | |  4.6
Dodging        | |  2.6

Action                     || total
---------------------------++-------
   Fire: Shortbow          ||    46
 Armour: Leather armour    ||     5
  Dodge: Dodged            ||    13

Table legend: (Time is in decaauts)
 A = Elapsed time spent in this place.
 B = Non-inter-level travel time spent in this place.
 C = Inter-level travel time spent in this place.
 D = Time resting spent in this place.
 E = Time spent auto-exploring this place.
 F = Levels seen in this place.
 G = Mean time per level.
                   A        B        C        D        E       F      G
               +--------+--------+--------+--------+--------+-----+--------+
         Total |    534 |    534 |      0 |      0 |    450 |   1 |  534.0 |
       Dungeon |    534 |    534 |      0 |      0 |    450 |   1 |  534.0 |
               +--------+--------+--------+--------+--------+-----+--------+

Top non-repeatable levels by time:
     D:1: 534 daAuts

Table legend:
 A = Kills in this place as a percentage of kills in the entire game.
 B = Kills by you in this place as a percentage of kills by you in the entire game.
 C = Kills by friends in this place as a percentage of kills by friends in the entire game.
 D = Other kills in this place as a percentage of other kills in the entire game.
 E = Experience gained in this place as a percentage of experience gained in the entire game.
 F = Experience gained in this place divided by the number of levels of this place that you have seen.
                   A       B       C       D       E      F
               +-------+-------+-------+-------+-------+----------------------
         Total | 100.0 | 100.0 |   N/A |   N/A | 100.0 |  35.0
       Dungeon | 100.0 | 100.0 |   N/A |   N/A | 100.0 |  35.0
               +-------+-------+-------+-------+-------+----------------------
